 Dungeon Crawl Stone Soup version 0.29.1-2-gbd0b4ee654 (webtiles) character file.

Game seed: 613852124454551789

37 Avanven the Conjurer (level 3, -3/19 HPs)
             Began as a Deep Elf Conjurer on Nov 5, 2022.
             Slain by Natasha (8 damage)
             ... on level 2 of the Dungeon.
             The game lasted 00:02:43 (1407 turns).

Avanven the Conjurer (Deep Elf Conjurer)            Turns: 1407, Time: 00:02:44

Health: -3/19      AC:  3    Str:  7    XL:     3   Next: 21%
Magic:  4/9        EV: 12    Int: 24    God:
Gold:   59         SH:  0    Dex: 13    Spells: 5/8 levels left

rFire   . . .      SeeInvis .   a - +1 mace (protect)
rCold   . . .      Faith    .   (no shield)
rNeg    . . .      Spirit   .   e - +1 robe of the Kangaroo {Str+3}
rPois   .          Reflect  .   (no helmet)
rElec   .          Harm     .   (no cloak)
rCorr   .          Rampage  .   (no gloves)
Will    .....                   (no boots)
Stlth   ++........              (no amulet)
HPRegen 0.06/turn               (no ring)
MPRegen 0.11/turn               (no ring)

@: no status effects
A: no striking features
a: no special abilities


You were on level 2 of the Dungeon.
You visited 1 branch of the dungeon, and saw 2 of its levels.

You collected 59 gold pieces.

Inventory:

Hand Weapons
 a - a +1 mace of protection (weapon)
Armour
 e - the +1 robe of the Kangaroo (worn) {Str+3}
   (You found it on level 2 of the Dungeon)

   Str:       It affects your strength (+3).
Potions
 b - a potion of magic
 c - a potion of attraction {unknown}
 d - a potion of brilliance {unknown}


   Skills:
 - Level 2.4 Dodging
 - Level 2.4 Stealth
 - Level 3.0 Spellcasting
 + Level 5.6 Conjurations


You had 5 spell levels left.
You knew the following spells:

 Your Spells              Type           Power      Damage    Failure   Level
a - Magic Dart            Conj           100%       1d8       1%          1
b - Searing Ray           Conj           60%        2d6       1%          2

Your spell library contained the following spells:

 Spells                   Type           Power      Damage    Failure   Level
 Dazzling Flash           Conj/Hex       34%        N/A       10%         3
 Fulminant Prism          Conj/Hex       8%         3d7       32%         4
 Iskenderun's Mystic Bla  Conj/Tloc      17%        2d5       32%         4


Dungeon Overview and Level Annotations

Branches:
Dungeon (2/15)

Altars:

Annotations:
D:2 Natasha


Message History

Natasha barely misses you.
You climb upwards.
There is a stone staircase leading down here.
You start resting.
Magic restored.
You start resting.
HP restored.
Okay, then.
Your +1 mace of protection hums with potential!
a - a +1 mace of protection (weapon)
You start waiting.
Done waiting.
You climb downwards.
Level annotation: Natasha Natasha claws you!
There is a stone staircase leading up here.
You see here a +0 robe.
Casting: Searing Ray (safe; 1% risk of failure)
Confirm with . or Enter, or press ? or * to list all spells.
Aiming: Searing Ray (safe; 1% risk of failure)
Press: ? - help, Shift-Dir - straight line, f - Natasha
Aim: Natasha (74% to hit)
The searing ray hits Natasha!
Natasha is heavily wounded. (Press . to maintain the ray.) Natasha casts a spell at you.
The magic dart hits you!
* * * LOW HITPOINT WARNING * * *
The searing ray hits Natasha.
Natasha is severely wounded.
Natasha wildly gestures.
You feel disoriented. Natasha casts a spell at you.
You resist with some effort.
The searing ray misses Natasha.
Natasha casts a spell.
The searing ray misses Natasha.
You finish channelling your searing ray.
Natasha claws you!
You die...

..##.........
#.#.[.........
#...#####....#
#..##.....##.##
#.)#..<.#..#..#
##..#.......#..#
#.....#._.<.#..####
#...#.......#.....# ..
#...#..@.#..#......
#.####...##5.h..##...#
#...>.....#####......#
..................#..#
#.......(.#........#.#
#.###...........#.#..#
. #....#.###.#...#....
#...>#.# #.##.##.....
#..†.#.# #........###


You could see Natasha and a shadow imp (summoned).

Vanquished Creatures
  Natasha (D:2)
  An endoplasm (D:1)
  A giant cockroach (D:1)
  2 hobgoblins (D:1)
  3 ball pythons (D:1)
  2 bats (D:1)
  2 goblins
  A rat (D:1)
13 creatures vanquished.

Notes
Turn   | Place    | Note
-------+----------+-------------------------------------------
     0 | D:1      | Avanven the Deep Elf Conjurer began the quest for the Orb.
     0 | D:1      | Reached XP level 1. HP: 10/10 MP: 6/6
   817 | D:1      | Reached XP level 2. HP: 15/15 MP: 5/8
  1010 | D:1      | Reached skill level 5 in Conjurations
  1026 | D:1      | Learned a level 2 spell: Searing Ray
  1076 | D:2      | Noticed Natasha
  1108 | D:2      | Found a faded altar of an unknown god.
  1118 | D:2      | Identified the +1 robe of the Kangaroo {Str+3}
  1169 | D:2      | Killed Natasha
  1170 | D:2      | Reached XP level 3. HP: 10/19 MP: 4/9
  1178 | D:2      | Noticed Natasha
  1407 | D:2      | Slain by Natasha

Illustrated notes

Levels and vault maps discovered:
D:1:      dpeg_arrival_boxes_within_box, layout_loops_corners
D:2:      layout_loops_cross, nicolae_ecumenical_pavilion,
          minmay_tiny_reverse_x, uniq_natasha, uniq_terence

Skill      XL: |  1  2 |
---------------+-------+-----
Conjurations   | 5 |  5.6
Dodging        | |  2.4
Stealth        | |  2.4
Spellcasting   | |  3.0

Action                   || total
-------------------------++-------
 Cast: Magic Dart        ||    18
       Searing Ray       ||     2
Dodge: Dodged            ||     5
